 Dungeon Crawl Stone Soup version 0.22.3-3-g34f245f157 (webtiles) character file.

19 Morbidden the Conjurer (level 2, -1/13 HPs)
             Began as a Vine Stalker Conjurer on Aug 20, 2020.
             Was an Initiate of Cheibriados.
             Slain by a hobgoblin
             ... wielding a +0 club
              (2 damage)
             ... on level 2 of the Dungeon.
             The game lasted 00:01:25 (646 turns).

Morbidden the Conjurer (Vine Stalker Conjurer)       Turns: 646, Time: 00:01:26

Health: -1/13      AC:  2    Str: 11    XL:     2   Next: 75%
Magic:  0/6        EV: 12    Int: 16    God:    Cheibriados [......]
Gold:   56         SH:  0    Dex: 15    Spells: 4/5 levels left

rFire    . . .     SeeInvis .   (no weapon)
rCold    . . .     Gourm    .   (no shield)
rNeg     . . .     Faith    .   a - +0 robe
rPois    .         Spirit   +   (no helmet)
rElec    .         Reflect  .   (no cloak)
rCorr    .         Harm     .   (no gloves)
MR       .....                  (no boots)
Stlth    ++........             (no amulet)
HPRegen  0.04/turn              (no ring)
MPRegen  0.10/turn              (no ring)

@: very slow
A: fangs 2, magic shield, antimagic bite, no potion heal 3, rot immunity
a: Bend Time, Renounce Religion


You were on level 2 of the Dungeon.
You worshipped Cheibriados.
Cheibriados was noncommittal.
You were not hungry.

You visited 1 branch of the dungeon, and saw 2 of its levels.

You collected 56 gold pieces.

Inventory:

Armour
 a - a +0 robe (worn)
Scrolls
 b - 2 scrolls of teleportation {unknown}
 d - a scroll of fear {unknown}
 e - a scroll of remove curse {unknown}
 g - 2 scrolls of identify {unknown}
Potions
 f - a potion of mutation {unknown}
Comestibles
 c - 2 rations


   Skills:
 * Level 0.1 Fighting
 + Level 1.5 Dodging
 + Level 2.5 Stealth
 + Level 0.7 Unarmed Combat
 * Level 2.2 Spellcasting
 + Level 4.5 Conjurations


You had 4 spell levels left.
You knew the following spells:

 Your Spells              Type           Power        Failure   Level  Hunger
a - Magic Dart            Conj           ###.         3%          1    #......

Your spell library contained the following spells:

 Spells                   Type           Power        Failure   Level  Hunger
 Searing Ray              Conj           ###...       4%          2    ###....
 Dazzling Spray           Conj/Hex       #.....       24%         3    ###....
 Iskenderun's Mystic Bla  Conj           ###.....     30%         4    #####..
 Force Lance              Conj/Tloc      #.......     63%         4    #####..
 Fulminant Prism          Conj/Hex       #.........   63%         4    #####..


Dungeon Overview and Level Annotations

Branches:
Dungeon (2/15)

Altars:
Cheibriados


Innate Abilities, Weirdness & Mutations

You have extremely sharp teeth.
When hurt, damage is shared between your health and your magic reserves.
Your bite disrupts and absorbs the magic of your enemies.
Potions cannot restore your health.
You are immune to rotting.


Message History

The hobgoblin hits you with a club.
* * * LOW HITPOINT WARNING * * *
The hobgoblin hits you with a club.
* * * LOW HITPOINT WARNING * * *
The hobgoblin barely misses you. The hobgoblin hits you with a club.
* * * LOW HITPOINT WARNING * * *
Okay, then.
Okay, then.
Unknown command.
Casting: Magic Dart (safe; 3% risk of failure)
Confirm with . or Enter, or press ? or * to list all spells.
Aiming: Magic Dart (safe; 3% risk of failure)
Press: ? - help, Shift-Dir - straight line, f/p - hobgoblin
Aim: a hobgoblin, wielding a club (lightly wounded)
Okay, then.
You barely miss the hobgoblin.
The hobgoblin is lightly wounded.
The hobgoblin hits you with a club.
You die...

#..# #.####.###..## .#
#..#######.........≈≈≈≈
....###<......########.≈≈≈..≈
...>..........# #.≈≈≈≈≈≈
....###.####..########.≈≈≈≈≈≈
.# #.# #............≈≈≈≈≈≈
#.# #...........≈≈≈≈≈♣♣
#.###..#####.###..≈≈≈._
#...#.@# #..##..≈≈≈♣≈
#...#.g######.##..≈≈≈≈≈
.###...#.#.#†#.#.##.≈≈≈≈≈≈
#.................##≈.≈≈≈≈≈
######.####.#.#.#.##.≈.....
#.# #........##...≈.≈. #.#
##.#.#)########.## #.#
#.......# #. ##.#.#<##


You could see a hobgoblin.

Vanquished Creatures
  An ooze (D:2)
  2 bats (D:1)
  A giant cockroach (D:1)
  A goblin (D:2)
  A hobgoblin (D:1)
  A frilled lizard (D:2)
  6 kobolds
  2 rats (D:1)
15 creatures vanquished.

Notes
Turn   | Place    | Note
-------+----------+-------------------------------------------
     0 | D:1      | Morbidden the Vine Stalker Conjurer began the quest for the
                  | Orb.
     0 | D:1      | Reached XP level 1. HP: 9/9 MP: 4/4
   377 | D:1      | Reached XP level 2. HP: 13/13 MP: 3/6
   380 | D:1      | Found a snail-covered altar of Cheibriados.
   428 | D:1      | Became a worshipper of Cheibriados the Contemplative
   570 | D:2      | Found a faded altar of an unknown god.
   646 | D:2      | Slain by a hobgoblin

Action                   || total
-------------------------++-------
Melee: Unarmed           ||    19
       Bite              ||     1
       Punch             ||     1
 Cast: Magic Dart        ||    24
Armor: Robe              ||     6
Dodge: Dodged            ||    16
